 Dungeon Crawl Stone Soup version 0.29.0-4-gdea44cf6ec (webtiles) character file.

Game seed: 13212156259962521397

3955 Zeldest the Grappler (level 10, -7/100 HPs)
             Began as a Troll Fighter on Aug 27, 2022.
             Mangled by a wolf (8 damage)
             ... on level 2 of the Lair of Beasts.
             The game lasted 00:11:02 (6346 turns).

Zeldest the Grappler (Troll Fighter)                Turns: 6346, Time: 00:11:02

Health: -7/100     AC:  9    Str: 30    XL:     10   Next: 2%
Magic:  9/9        EV:  8    Int:  4    God:
Gold:   427        SH:  7    Dex:  9    Spells: 9/9 levels left

rFire   . . .      SeeInvis .     - Unarmed
rCold   . . .      Faith    +   b - +0 kite shield
rNeg    . . .      Spirit   .   I - +0 swamp dragon scales
rPois   +          Reflect  .   (helmet restricted)
rElec   .          Harm     .   g - scarf {+Inv}
rCorr   +          Rampage  .   (gloves unavailable)
Will    .....                   (boots unavailable)
Stlth   ..........              E - amulet of faith
HPRegen 1.06/turn               o - ring of poison resistance
MPRegen 0.11/turn               y - ring of resist corrosion

@: no status effects
A: large, unfitting armour, claws 3, regeneration 1, shaggy fur 1, tough skin 1
a: Evoke Invisibility


You were on level 2 of the Lair of Beasts.
You visited 3 branches of the dungeon, and saw 12 of its levels.
You also visited: Sewer and Ossuary.

You collected 427 gold pieces.

Inventory:

Hand Weapons
 u - the +10 rapier "Grim Tooth" {vorpal, Will++}
   (You found it on level 4 of the Dungeon)

   It inflicts extra damage upon your enemies.
   Will:      It greatly increases your willpower.
Missiles
 m - 2 throwing nets (quivered)
 x - 10 poisoned darts
 C - 2 boomerangs
Armour
 b - a +0 kite shield (worn)
 g - a scarf of invisibility (worn)
 I - +0 swamp dragon scales (worn)
Jewellery
 o - a ring of poison resistance (left claw)
 y - a ring of resist corrosion (right claw)
 E - an amulet of faith (around neck)
Scrolls
 a - a scroll of summoning {unknown}
 d - a scroll of silence {unknown}
 h - 2 scrolls of amnesia {unknown}
 j - 2 scrolls of fog {unknown}
 n - 8 scrolls of identify {unknown}
 r - 2 scrolls of enchant weapon {unknown}
 w - 5 scrolls of teleportation {unknown}
 D - a scroll of blinking {unknown}
 G - a scroll of noise {unknown}
 H - a scroll of fear {unknown}
Potions
 c - 5 potions of might
 e - 2 potions of flight {unknown}
 f - 2 potions of cancellation {unknown}
 i - a potion of ambrosia {unknown}
 k - 7 potions of curing {unknown}
 l - 3 potions of haste
 p - 2 potions of berserk rage {unknown}
 q - 2 potions of lignification {unknown}
 s - 6 potions of attraction {unknown}
 t - 5 potions of mutation {unknown}
 v - 3 potions of heal wounds {unknown}
 z - 3 potions of resistance {unknown}
 A - a potion of invisibility {unknown}
 B - 3 potions of brilliance {unknown}


   Skills:
 + Level 6.5 Fighting
 + Level 5.6 Throwing
 - Level 2.4 Dodging
 - Level 4.0 Shields
 * Level 10.5 Unarmed Combat


You had 9 spell levels left.
You didn't know any spells.
Your spell library contained the following spells:

 Spells                   Type           Power      Damage    Failure   Level
 Sting                    Tmut/Pois      0%         1d3       89%         1
 Poisonous Vapours        Pois/Air       0%         N/A       96%         2
 Conjure Flame            Conj/Fire      0%         6-21      99%         3
 Ignite Poison            Fire/Tmut/Pois 0%         N/A       99%         3
 Animate Dead             Necr           0%         N/A       100%        4
 Olgreb's Toxic Radiance  Pois           0%         N/A       100%        4
 Sticky Flame             Conj/Fire      0%         2d3       100%        4
 Borgnjor's Vile Clutch   Necr/Erth      0%         N/A       100%        5
 Death Channel            Necr           0%         N/A       100%        6


Dungeon Overview and Level Annotations

Branches:
Dungeon (9/15)             Temple (1/1) D:4            Lair (2/5) D:8
  Sewer (visited)         Ossuary (visited)
  Swamp: Lair:2-3    Shoals: Lair:2-3     Snake: Lair:2-3    Spider: Lair:2-3
    Orc: D:9-12

Altars:
Ashenzari
Cheibriados
Dithmenos
Hepliaklqana
Makhleb
Nemelex Xobeh
Ru
Sif Muna
Trog
Vehumet
Wu Jian
Zin
The Shining One

Shops:
D:1 :   D:2 *   D:3 (

Annotations:
D:7 1 transporter


Innate Abilities, Weirdness & Mutations

You are too large for most types of armour.
You have claws for hands.
Your natural rate of healing is unusually fast.
You are covered in fur. (AC +1)
You have tough skin. (AC +1)


Message History

The blink frog gives a loud, deep croak!
You hear an angry hiss.
Found a scroll labelled TER NYRISM.
There is a stone staircase leading up here.
You completely miss the wolf. The wolf bites you. You block the wolf's attack.
The bullfrog hits you but does no damage.
The wolf bites you but does no damage. x2; The wolf barely misses you.
You closely miss the wolf. The bullfrog barely misses you. The wolf bites you.
The wolf barely misses you. x2; The bullfrog hits you.
* * * LOW HITPOINT WARNING * * *
You block the wolf's attack. The wolf bites you but does no damage.
Okay, then.
Okay, then.
You mangle the wolf!!
The wolf is almost dead.
The wolf barely misses you. The wyvern bites you!
* * * LOW HITPOINT WARNING * * *
The wolf barely misses you. You block the bullfrog's attack.
The wolf bites you!
* * * LOW HITPOINT WARNING * * *
The wolf closely misses you. The wyvern barely misses you.
You barely miss the wolf.
The wolf is almost dead.
The wolf bites you but does no damage. The wolf barely misses you.
The bullfrog closely misses you. You block the wolf's attack.
The wyvern bites you!
* * * LOW HITPOINT WARNING * * *
You block the wolf's attack.
The blink frog blinks!
A water moccasin comes into view.
The bullfrog completely misses you. The wolf completely misses you.
You block the wolf's attack.
You claw the wolf!
You kill the wolf!
The wyvern hisses menacingly.
You block the wyvern's attack. The wolf bites you.
* * * LOW HITPOINT WARNING * * *
The wolf bites you but does no damage. You block the bullfrog's attack.
The wyvern bites you but does no damage.
The wolf bites you!
You die...

#### ...
####†# #..@h#
#..Fhl..#
#.§..8....#
#....#####..?#
#..F# #....
...# #... .S.
... .. ..


You could see a blink frog, a water moccasin, a wyvern, 2 wolves and a bullfrog.

Vanquished Creatures
  Maggie (Lair:1)
  2 steam dragons
  An acid dragon (D:8)
  3 ice beasts
  4 black bears
  5 orc warriors
  A sky beast (D:7)
  A wolf (Lair:2)
  2 ogres
  A phantom (D:5)
  Blork the orc (D:6)
  A kobold brigand (Sewer)
  5 bullfrogs
  4 scorpions
  A necrophage (D:6)
  A killer bee (D:8)
  2 howler monkeys
  3 hounds
  2 orc priests
  2 jellies (D:5)
  4 iguanas
  4 orc wizards
  12 mummies (Ossuary)
  9 adders
  11 gnolls
  6 river rats (Sewer)
  3 ufetubi
  A worm (D:5)
  3 dart slugs
  37 orcs
  2 bats
  3 endoplasms
  8 giant cockroaches
  3 goblins
  3 hobgoblins
  9 jackals (D:1)
  7 quokkas
  11 ball pythons
  2 frilled lizards
  A gnoll skeleton (Ossuary)
  3 goblin skeletons (Ossuary)
  19 kobolds
  2 kobold skeletons (Ossuary)
  2 orc skeletons (Ossuary)
  20 rats
  11 rat skeletons (Ossuary)
239 creatures vanquished.

Notes
Turn   | Place    | Note
-------+----------+-------------------------------------------
     0 | D:1      | Zeldest the Troll Fighter began the quest for the Orb.
     0 | D:1      | Reached XP level 1. HP: 22/22 MP: 0/0
   151 | D:1      | Reached XP level 2. HP: 29/29 MP: 1/1
   304 | D:1      | Found Ichin's Book Shoppe.
   665 | D:1      | Reached XP level 3. HP: 36/36 MP: 2/2
   822 | D:2      | Found Zelymiucs's General Store.
   908 | D:2      | Reached skill level 3 in Unarmed Combat
   918 | D:2      | Reached XP level 4. HP: 35/44 MP: 3/3
   971 | D:2      | Found a faded altar of an unknown god.
  1807 | D:3      | Found Runaiffo's Weapon Boutique.
  1890 | D:3      | Found a shimmering blue altar of Sif Muna.
  1984 | D:4      | Identified the +10 rapier "Grim Tooth" {vorpal, Will++}
  1996 | D:4      | Reached skill level 4 in Unarmed Combat
  1996 | D:4      | Reached XP level 5. HP: 53/53 MP: 4/4
  2166 | D:4      | Noticed an ogre
  2172 | D:4      | Killed an ogre
  2184 | D:4      | Reached XP level 6. HP: 61/61 MP: 5/5
  2186 | D:4      | Found a staircase to the Ecumenical Temple.
  2193 | Temple   | Entered the Ecumenical Temple
  2531 | D:4      | Found a glowing drain.
  2545 | D:4      | Reached skill level 5 in Unarmed Combat
  2553 | Sewer    | Entered a sewer
  2862 | Sewer    | Reached skill level 1 in Throwing
  3173 | D:5      | Entered Level 5 of the Dungeon
  3178 | D:5      | Reached XP level 7. HP: 70/70 MP: 6/6
  3191 | D:5      | Reached skill level 6 in Unarmed Combat
  3313 | D:5      | Found a burning altar of Makhleb.
  3369 | D:5      | Found a shadowy altar of Dithmenos.
  3372 | D:5      | Found a broken altar of Ashenzari.
  3373 | D:5      | Found a sacrificial altar of Ru.
  3429 | D:5      | Reached XP level 8. HP: 76/79 MP: 7/7
  3432 | D:5      | Reached skill level 7 in Unarmed Combat
  3783 | D:6      | Noticed Blork the orc
  3791 | D:6      | Killed Blork the orc
  3835 | D:6      | Reached skill level 5 in Fighting
  3886 | D:6      | Reached skill level 8 in Unarmed Combat
  4243 | D:7      | Reached XP level 9. HP: 67/88 MP: 8/8
  4369 | D:7      | Reached skill level 9 in Unarmed Combat
  4580 | D:7      | Found a transporter.
  4844 | D:8      | Found a sand-covered staircase.
  4849 | Ossuary  | Entered an ossuary
  5235 | D:8      | Found a staircase to the Lair.
  5260 | D:8      | Reached skill level 5 in Throwing
  5290 | D:8      | Found a glowing silver altar of Zin.
  5290 | D:8      | Found a snail-covered altar of Cheibriados.
  5290 | D:8      | Found a hazy altar of Hepliaklqana.
  5290 | D:8      | Found a glowing golden altar of the Shining One.
  5369 | D:8      | Reached skill level 10 in Unarmed Combat
  5923 | D:8      | Found a sparkling altar of Nemelex Xobeh.
  5927 | D:8      | Found an ornate altar of the Wu Jian Council.
  6191 | D:9      | Noticed a two-headed ogre
  6272 | Lair:1   | Entered Level 1 of the Lair of Beasts
  6275 | Lair:1   | Noticed Maggie
  6286 | Lair:1   | Killed Maggie
  6287 | Lair:1   | Reached XP level 10. HP: 69/100 MP: 9/9
  6313 | Lair:1   | Noticed an elephant
  6313 | Lair:1   | Noticed an elephant
  6313 | Lair:1   | Noticed an elephant
  6314 | Lair:1   | Noticed an elephant
  6345 | Lair:2   | HP: 5/100 [wyvern (9)]
  6346 | Lair:2   | HP: 1/100 [wolf (5)]
  6346 | Lair:2   | Mangled by a wolf

Illustrated notes

Levels and vault maps discovered:
D:1:      minmay_arrival_cross, layout_basic, serial_shops,
          nicolae_shop_advertising_works [nicolae_subvault_shop_adworks],
          minmay_bisected
D:2:      layout_loops_ring, ebering_ecumenical_altar_rust, serial_shops,
          nicolae_shop_hallway_stairs
D:3:      layout_basic, nicolae_sif_muna_little_library, serial_shops,
          nicolae_shop_trees
D:4:      layout_loops_ring, minmay_temple_entry_slanted, gup_sewer_entry_pipe
D:5:      layout_cave_pools, kennysheep_vampire_church, minitemple,
          grunt_ministairs_15
D:6:      layout_rooms, nicolae_sextant, uniq_blork_the_orc
D:7:      layout_basic, gammafunk_ghost_smash
D:8:      layout_loops_corners, minmay_overflow_temple_hex, lair_entry_dummy,
          enter_bailey_2, serial_glass, glass_columns_c, glass_columns_a,
          glass_columns_c, glass_columns_b, special_room [special_room_orc],
          enter_ossuary_2
D:9:      hangedman_cross_stitches, layout_loops_cross
Temple:   nicolae_temple_ecumenical_triangle
Lair:1:   layout_regular_city, portal_ice_cave_entry_imps, st_stairs_5,
          uniq_harold, uniq_maggie, uniq_amaemon
Lair:2:   layout_loops_ring, grunt_megastairs_5

Skill      XL: |  1  2  3  4  5  6  7  8  9 |
---------------+----------------------------+-----
Shields        | 3 4 |  4.0
Unarmed Combat | 3 4 5 6 8 10 | 10.5
Fighting       | 3 4 5 6 |  6.5
Throwing       | 1 2 4 5 |  5.6
Dodging        | |  2.4

Action                   |  1- 3 |  4- 6 |  7- 9 | 10-12 || total
-------------------------+-------+-------+-------+-------++-------
Melee: Unarmed           |    65 |   220 |   324 |     9 ||   618
 Stab: Distracted        |       |       |     1 |       ||     1
Armor: Robe              |    18 |    63 |    27 |       ||   108
       Steam dragon scal |       |       |    51 |     1 ||    52
       Swamp dragon scal |       |       |       |    19 ||    19
Dodge: Dodged            |    23 |    82 |    96 |    24 ||   225
Block: Kite shield       |    27 |    90 |    99 |    17 ||   233
